 Dungeon Crawl Stone Soup version 0.29.0-4-gdea44cf6ec (webtiles) character file.

Game seed: 899337512875025166

107 qw the Ruffian (level 4, -2/36 HPs)
             Began as a Ghoul Fire Elementalist on Aug 29, 2022.
             Slain by a gnoll
             ... wielding a +0 club
              (5 damage)
             ... on level 3 of the Dungeon.
             The game lasted 00:02:24 (3449 turns).

qw the Ruffian (Ghoul Fire Elementalist)            Turns: 3449, Time: 00:02:24

Health: -2/36      AC:  6    Str: 13    XL:     4   Next: 86%
Magic:  5/5        EV:  9    Int: 10    God:
Gold:   138        SH:  0    Dex:  9    Spells: 5/6 levels left

rFire   . . .      SeeInvis .     - Unarmed
rCold   + . .      Faith    .   (no shield)
rNeg    + + +      Spirit   .   f - +0 scale mail
rPois   inf        Reflect  .   (no helmet)
rElec   .          Harm     .   (no cloak)
rCorr   .          Rampage  .   (no gloves)
Will    .....                   (no boots)
Stlth   ..........              (no amulet)
HPRegen 0.00/turn               (no ring)
MPRegen 0.09/turn               (no ring)

@: about to teleport, inhibited regen
A: claws 1, cold resistance 1, negative energy resistance 3, inhibited
regeneration, torment resistance 2, devour on kill
a: no special abilities


You were on level 3 of the Dungeon.
You visited 1 branch of the dungeon, and saw 3 of its levels.

You collected 138 gold pieces.


Innate Abilities, Weirdness & Mutations

You are immune to poison.
You have sharp fingernails.
Your flesh is cold resistant. (rC+)
You are immune to negative energy. (rN+++)
You do not regenerate when monsters are visible.
You are immune to unholy pain and torment.
You thrive by killing the living.


   Skills:
 - Level 2.0 Fighting
 - Level 1.7 Dodging
 - Level 2.1 Stealth
 + Level 4.1 Unarmed Combat
 - Level 1.7 Spellcasting
 - Level 0.7 Conjurations
 - Level 2.4 Fire Magic


You had 5 spell levels left.
You knew the following spells:

 Your Spells              Type           Power      Damage    Failure   Level
a - Foxfire               Conj/Fire      16%        2x1d4     63%         1

Your spell library contained the following spells:

 Spells                   Type           Power      Damage    Failure   Level
 Scorch                   Fire           10%        2d5       65%         2
 Conjure Flame            Conj/Fire      4%         6-21      94%         3
 Inner Flame              Hex/Fire       3%         N/A       96%         3
 Flame Wave               Conj/Fire      4%         2d5       100%        4

Inventory:

Armour
 b - a +1 ring mail of willpower
 e - a +0 pair of boots
 f - a +0 scale mail (worn)
Potions
 a - a potion of flight {unknown}
 d - a potion of degeneration {unknown}
 h - a potion of brilliance {unknown}
 j - 2 potions of curing

Dungeon Overview and Level Annotations

Branches:
Dungeon (3/15)

Altars:


Message History

You closely miss the gnoll.
The gnoll is severely wounded.
The gnoll hits you but does no damage.
You scratch the gnoll.
The gnoll is almost dead.
The gnoll closely misses you.
You scratch the gnoll but do no damage.
The gnoll is almost dead.
The gnoll barely misses you.
The gnoll hits you from afar with a +0 spear.
You scratch the gnoll but do no damage.
The gnoll is almost dead.
The gnoll hits you from afar with a +0 spear.
3442 ||| Stepping ~*~*~tactically~*~*~ (outnumbered).
The gnoll attacks as you move away! The gnoll hits you with a +0 club.
You closely miss the gnoll.
The gnoll is almost dead.
The gnoll hits you with a +0 club.
You barely miss the gnoll.
The gnoll is almost dead.
The gnoll hits you but does no damage. x2
You closely miss the gnoll.
The gnoll is almost dead.
The gnoll barely misses you.
The gnoll hits you from afar with a +0 spear.
3446 ||| READING scroll of teleportation.
As you read the scroll of teleportation, it crumbles to dust.
You feel strangely unstable. The gnoll hits you with a +0 club.
The gnoll barely misses you.
You closely miss the gnoll.
The gnoll is almost dead.
The gnoll hits you but does no damage. The gnoll barely misses you.
You completely miss the gnoll.
The gnoll is almost dead.
The gnoll hits you but does no damage.
The gnoll hits you from afar with a +0 spear.
You scratch the gnoll but do no damage.
The gnoll is almost dead.
The gnoll hits you with a +0 club.
You die...

######### g.gg...g#
###########g# ######
#........@g.# #.....
#...######### #.....
#........... #.....
#...#################.....
#...# #..............
#...# ######%########.....
#...###.......# #.....
#...##........# #.....
#...##........# #.....


You could see 2 gnolls.

Vanquished Creatures
  5 adders
  4 dart slugs
  5 bats
  2 endoplasms
  2 giant cockroaches (D:3)
  6 goblins
  5 hobgoblins
  3 jackals (D:3)
  2 quokkas
  7 ball pythons
  2 frilled lizards
  5 kobolds (D:1)
  4 rats
52 creatures vanquished.

Notes
Turn   | Place    | Note
-------+----------+-------------------------------------------
     0 | D:1      | qw the Ghoul Fire Elementalist began the quest for the Orb.
     0 | D:1      | Reached XP level 1. HP: 14/14 MP: 2/2
     0 | D:1      | 0 ||| qw: Version: 0.1-a-90-g952f4b7
     0 | D:1      | 0 ||| qw: Game counter: 3657
     0 | D:1      | 0 ||| qw: Always use a shield: true
     0 | D:1      | 0 ||| qw: God list: Okawaru
     0 | D:1      | 0 ||| qw: Allow faded altars: false
     0 | D:1      | 0 ||| qw: Do Orc after D:15 true
     0 | D:1      | 0 ||| qw: Do second Lair branch before Depths: true
     0 | D:1      | 0 ||| qw: Lair rune preference: random
     0 | D:1      | 0 ||| qw: Plans: Normal
     0 | D:1      | 0 ||| PLANNING D:1-11
    56 | D:1      | Reached skill level 1 in Unarmed Combat
   171 | D:1      | 171 ||| Stepping ~*~*~tactically~*~*~ (hiding).
   273 | D:1      | 273 ||| Stepping ~*~*~tactically~*~*~ (hiding).
   375 | D:1      | 375 ||| Stepping ~*~*~tactically~*~*~ (hiding).
   477 | D:1      | 477 ||| Stepping ~*~*~tactically~*~*~ (hiding).
   579 | D:1      | 579 ||| Stepping ~*~*~tactically~*~*~ (hiding).
   681 | D:1      | 681 ||| Stepping ~*~*~tactically~*~*~ (hiding).
   783 | D:1      | 783 ||| Stepping ~*~*~tactically~*~*~ (hiding).
   885 | D:1      | 885 ||| Stepping ~*~*~tactically~*~*~ (hiding).
   987 | D:1      | 987 ||| Stepping ~*~*~tactically~*~*~ (hiding).
  1089 | D:1      | 1089 ||| Stepping ~*~*~tactically~*~*~ (hiding).
  1097 | D:1      | Reached skill level 1 in Fighting
  1097 | D:1      | Reached XP level 2. HP: 18/23 MP: 3/3
  1327 | D:1      | 1327 ||| Stepping ~*~*~tactically~*~*~ (stealth).
  1338 | D:1      | 1338 ||| Stepping ~*~*~tactically~*~*~ (stealth).
  1341 | D:1      | 1341 ||| Stepping ~*~*~tactically~*~*~ (stealth).
  1342 | D:1      | 1342 ||| Stepping ~*~*~tactically~*~*~ (stealth).
  1344 | D:1      | 1344 ||| Stepping ~*~*~tactically~*~*~ (stealth).
  1345 | D:1      | 1345 ||| Stepping ~*~*~tactically~*~*~ (stealth).
  1350 | D:1      | 1350 ||| Stepping ~*~*~tactically~*~*~ (stealth).
  1352 | D:1      | 1352 ||| Stepping ~*~*~tactically~*~*~ (stealth).
  1356 | D:1      | Reached skill level 2 in Unarmed Combat
  1357 | D:1      | 1357 ||| Stepping ~*~*~tactically~*~*~ (stealth).
  1390 | D:1      | 1390 ||| Stepping ~*~*~tactically~*~*~ (stealth).
  1392 | D:1      | 1392 ||| Stepping ~*~*~tactically~*~*~ (stealth).
  1396 | D:1      | 1396 ||| Stepping ~*~*~tactically~*~*~ (stealth).
  1397 | D:1      | 1397 ||| Stepping ~*~*~tactically~*~*~ (stealth).
  1429 | D:1      | 1429 ||| Stepping ~*~*~tactically~*~*~ (stealth).
  1431 | D:1      | 1431 ||| Stepping ~*~*~tactically~*~*~ (stealth).
  1597 | D:1      | 1597 ||| Stepping ~*~*~tactically~*~*~ (stealth).
  1610 | D:1      | Reached XP level 3. HP: 14/28 MP: 4/4
  1769 | D:1      | 1769 ||| Stepping ~*~*~tactically~*~*~ (stealth).
  1770 | D:1      | 1770 ||| Stepping ~*~*~tactically~*~*~ (stealth).
  1795 | D:1      | 1795 ||| UPGRADING to +0 ring mail.
  1805 | D:1      | 1805 ||| DROPPING +0 robe.
  1806 | D:1      | 1806 ||| DROPPING ring of magical power.
  1807 | D:1      | 1807 ||| READING scroll labelled BUPLOW JOTER.
  1808 | D:1      | 1808 ||| READING scroll labelled NEASSY ICISI.
  1809 | D:1      | 1809 ||| READING scroll labelled BUOLAOXORY.
  1814 | D:1      | 1814 ||| READING scroll labelled MOELEZI DORHIR.
  1815 | D:1      | 1815 ||| DRINKING 2 lumpy black potions.
  1816 | D:1      | 1816 ||| DROPPING potion of magic.
  1817 | D:1      | 1817 ||| DROPPING potion of lignification.
  1863 | D:2      | 1863 ||| STAIRDANCE
  1982 | D:2      | Reached skill level 3 in Unarmed Combat
  2241 | D:2      | 2241 ||| Stepping ~*~*~tactically~*~*~ (hiding).
  2242 | D:2      | 2242 ||| Stepping ~*~*~tactically~*~*~ (hiding).
  2277 | D:2      | Reached XP level 4. HP: 13/35 MP: 5/5
  2497 | D:2      | Found a faded altar of an unknown god.
  2696 | D:2      | 2696 ||| UPGRADING to +0 scale mail.
  2706 | D:2      | 2706 ||| DROPPING +0 ring mail.
  2707 | D:2      | 2707 ||| READING scroll labelled ZICLIBL GUCAUN.
  2708 | D:2      | 2708 ||| READING scroll labelled OPICKA VONTO.
  2709 | D:2      | 2709 ||| DRINKING 2 bubbling red potions.
  2940 | D:3      | Reached skill level 4 in Unarmed Combat
  3149 | D:3      | 3149 ||| Stepping ~*~*~tactically~*~*~ (stealth).
  3435 | D:3      | 3435 ||| Stepping ~*~*~tactically~*~*~ (hiding).
  3442 | D:3      | 3442 ||| Stepping ~*~*~tactically~*~*~ (outnumbered).
  3445 | D:3      | HP: 9/36 [gnoll/+0 spear (1)]
  3446 | D:3      | 3446 ||| READING scroll of teleportation.
  3448 | D:3      | HP: 3/36 [gnoll/+0 spear (3)]
  3449 | D:3      | Slain by a gnoll

Levels and vault maps discovered:
D:1:      eino_arrival_water_cross, layout_rooms, minmay_shallow_snake_nest
D:2:      layout_rooms, shapermc_ecumenical_altar_mp_highgroup
D:3:      layout_basic, chequers_temple_overflow_minitemple,
          kennysheep_generic_room_15

Skill      XL: |  1  2  3  4 |
---------------+-------------+-----
Unarmed Combat | 1 2 3 4 |  4.1
Fighting       | 1 2 |  2.0
Dodging        | |  1.7
Stealth        | |  2.1
Spellcasting   | |  1.7
Conjurations   | |  0.7
Fire Magic     | |  2.4

Action                   |  1- 3 |  4- 6 || total
-------------------------+-------+-------++-------
Melee: Unarmed           |   126 |    92 ||   218
       Punch             |     2 |       ||     2
  Use: Scroll            |     4 |     3 ||     7
       Potion            |     1 |     1 ||     2
Armor: Robe              |     9 |       ||     9
       Ring mail         |    19 |     1 ||    20
       Scale mail        |       |    40 ||    40
Dodge: Dodged            |    55 |    52 ||   107

Table legend:
 A = Non-vault XP
 B = Vault XP
 C = Vault XP percentage of total XP
 D = Non-vault monster count
 E = Vault monster count
 F = Vault count percentage of total count
                 A         B        C        D         E       F
            +---------+---------+-------+---------+---------+-------
      Total |     147 |       7 |   4.5 |      48 |       4 |   7.7
            +---------+---------+-------+---------+---------+-------
        D:1 |      38 |       5 |  11.6 |      21 |       3 |  12.5
        D:2 |      55 |       0 |   0.0 |      11 |       0 |   0.0
        D:3 |      54 |       2 |   3.6 |      16 |       1 |   5.9
            +---------+---------+-------+---------+---------+-------
